Map: Acropolis LE

Players

Kira

  • Race: Zerg Zerg
  • League: Diamond
  • Spawn Location: 11:00

Makanoft - Winner!

  • Race: Zerg Zerg
  • League: Platinum
  • Spawn Location: 5:00

VOD

Have the link to the VOD?

Description

Time

  • Played on: Aug. 18, 2019, 10:35 a.m.
  • Length: 6:28
Show
View Real Time Build Order
Export as new Build Order

Kira Zerg 

Build Orders: Hatch First, Zergling Baneling 

Get SALT Encoding   

  12  0:02  Drone  
  13  0:13  Overlord  
  13  0:16  Drone  
  14  0:31  Drone x2  
  16  0:50  Hatchery  
  16  0:52  Drone  
  16  0:56  Drone  
  17  1:10  Spawning Pool  
  16  1:17  Drone  
  17  1:20  Extractor  
  17  1:21  Drone  
  17  1:22  Drone  
  18  1:28  Drone  
  19  1:39  Overlord  
  19  1:49  Overlord  
  19  2:00  Queen  
  21  2:02  Queen  
  21  2:04  Drone  
  21  2:06  Drone  
  25  2:12  Drone  
  26  2:19  Metabolic Boost  
  26  2:22  Drone x2  
  28  2:31  Drone  
  29  2:48  Hatchery  
  28  2:55  Baneling Nest, Drone  
  28  2:56  Zergling x4  
  28  2:58  Zergling x2  
  31  3:05  Queen  
  33  3:09  Zergling x2  
  33  3:10  Zergling x2  
  35  3:17  Zergling x6  
  38  3:28  Zergling x8  
  38  3:32  Overlord  
  42  3:40  Lair  
  42  3:43  Baneling x2  
  42  3:47  Zergling x4  
  44  4:03  Drone  
  44  4:04  Roach Warren  
  44  4:07  Zergling x8  
  42  4:33  Zergling x10  
  42  4:34  Zergling x8  
  39  4:52  Evolution Chamber  
  38  4:53  Baneling x3  
  38  4:54  Evolution Chamber  
  38  4:55  Baneling x4  
  37  5:03  Drone x4  
  40  5:28  Zergling x2  
  40  5:29  Zergling x18  
  50  5:41  Zergling x10  
  54  5:45  Drone x2  
  56  5:54  Overlord  
  56  5:55  Overlord  
Show
View Real Time Build Order
Export as new Build Order

Makanoft Zerg - Winner!

Build Orders: Hatch First 

Get SALT Encoding   

  12  0:07  Drone  
  13  0:25  Overlord  
  13  0:27  Drone  
  14  0:33  Extractor  
  14  0:34  Drone  
  15  0:45  Drone  
  15  0:49  Drone  
  17  1:04  Drone  
  17  1:05  Hatchery  
  17  1:11  Drone  
  18  1:21  Spawning Pool  
  17  1:26  Extractor  
  17  1:27  Drone  
  17  1:35  Drone  
  18  1:42  Drone  
  19  1:59  Drone  
  20  2:06  Overlord  
  20  2:14  Zergling x2  
  21  2:17  Queen  
  21  2:22  Zergling x2  
  24  2:23  Queen  
  24  2:27  Zergling x2, Hatchery  
  26  2:31  Zergling x2  
  27  2:38  Metabolic Boost  
  27  2:41  Drone  
  28  2:47  Overlord  
  28  3:06  Zergling x8  
  28  3:12  Drone x2  
  34  3:18  Zergling x2  
  35  3:29  Drone  
  36  3:36  Overlord x2  
  36  3:43  Baneling Nest  
  35  3:49  Zergling x8  
  35  3:50  Zergling x2  
  40  4:01  Zergling x4  
  40  4:02  Zergling x8  
  46  4:10  Zergling x6  
  46  4:13  Zergling x2  
  46  4:15  Zergling x2  
  49  4:26  Zergling x6  
  49  4:30  Zergling x2  
  47  4:33  Zergling x6  
  47  4:36  Zergling x2  
  50  4:40  Zergling x2  
  50  4:43  Zergling x2  
  50  4:44  Zergling x2  
  53  4:54  Drone x2  
  53  4:55  Drone  
  56  5:12  Zergling x4  
  56  5:14  Overlord x2  
  49  5:30  Zergling x16  
  55  5:45  Baneling  
  55  5:46  Baneling x8  
  55  5:47  Zergling x4, Baneling  
  55  5:48  Zergling x2  
Tags
 
Add a new tag
Caveats
  • Supply blocks, unpowered buildings, or Contaminate may cause inaccurate times.
  • Supply counts are checked every 10 seconds.